 Dungeon Crawl Stone Soup version 0.30.1-11-g7821555f0a (webtiles) character file.

Game seed: 5151998923887395198

47894 SacredBeard the Fencer (level 14, -1/108 HPs)
             Began as a Demonspawn Necromancer on Nov 16, 2023.
             Slain by a slime creature (7 damage)
             ... on level 1 of the Pits of Slime.
             The game lasted 01:09:37 (22509 turns).

SacredBeard the Fencer (Demonspawn Necromancer)    Turns: 22509, Time: 01:09:38

Health: -1/108     AC:  5    Str: 11    XL:     14   Next: 10%
Magic:  21/21      EV:  5    Int: 18    God:
Gold:   992        SH:  0    Dex: 19    Spells: 22/23 levels left

rFire   + . .        R - +5 falchion (flame)
rCold   + . .        c - +0 kite shield
rNeg    . . .        y - +1 chain mail {rF+}
rPois   +            H - +2 hat
rElec   .            (cloak unavailable)
rCorr   .            h - +1 pair of gloves
SInv    .            (no boots)
Will    +....        (no amulet) Stlth
                     f - +4 ring of protection
HPRegen 0.38/turn    s - ring of Zoedu {rPois rC+ Str+3 Dex+3}
MPRegen 0.17/turn

%: random rage (3%)
@: confused, corroded
A: spiny 2, sharp scales 3, condensation shield, weakness stinger 3, berserk 1,
weak 1
a: no special abilities


You were on level 1 of the Pits of Slime.
You visited 4 branches of the dungeon, and saw 19 of its levels.
You also visited: Sewer and Ossuary.

You collected 992 gold pieces.

Inventory:

Hand Weapons
 R - a +5 falchion of flaming (weapon)
Missiles
 n - 2 throwing nets
 p - 19 poisoned darts
 z - 6 boomerangs
 Q - 76 stones
 U - 4 datura-tipped darts
Armour
 c - a +0 kite shield (worn)
 h - a +1 pair of gloves (worn)
 y - a +1 chain mail of fire resistance (worn)
 H - a +2 hat (worn)
 I - +0 ice dragon scales
Jewellery
 f - a +4 ring of protection (left hand)
 r - a ring of willpower
 s - the ring of Zoedu (right hand) {rPois rC+ Str+3 Dex+3}
   (You found it on level 3 of the Dungeon)

   [ring of protection from cold]

   Str:       It affects your strength (+3).
   Dex:       It affects your dexterity (+3).
   rC:        It protects you from cold.
   rPois:     It protects you from poison.
Wands
 x - a wand of charming (25)
 C - a wand of polymorph (6)
 K - a wand of acid (11)
 V - a wand of flame (11)
 X - a wand of roots (9)
Scrolls
 d - 5 scrolls of enchant weapon
 j - a scroll of amnesia
 k - 6 scrolls of magic mapping
 m - 5 scrolls of blinking
 t - 3 scrolls of noise {unknown}
 u - 4 scrolls of enchant armour {unknown}
 v - 5 scrolls of teleportation
 A - 2 scrolls of butterflies {unknown}
 B - 2 scrolls of torment {unknown}
 E - 3 scrolls of fear
 L - 5 scrolls of vulnerability {unknown}
 M - 3 scrolls of fog {unknown}
 N - 4 scrolls of brand weapon
 Z - a scroll of immolation {unknown}
Potions
 a - a potion of flight {unknown}
 b - 4 potions of brilliance
 e - 2 potions of magic
 i - 5 potions of lignification
 o - 5 potions of ambrosia
 q - 10 potions of curing
 D - 2 potions of mutation {unknown}
 F - 7 potions of heal wounds
 G - 5 potions of haste
 P - a potion of might {unknown}
 S - 2 potions of cancellation
 Y - 3 potions of berserk rage
Miscellaneous
 g - a piece from Xom's chessboard (15/15)
 O - a box of beasts


   Skills:
 - Level 9.0 Fighting
 - Level 17.0 Long Blades
 + Level 4.3 Throwing
 + Level 4.3 Armour
 + Level 4.2 Dodging
 - Level 3.0 Stealth
 + Level 4.2 Shields
 - Level 5.0 Spellcasting
 - Level 7.0 Necromancy
 * Level 6.9 Evocations


You had 22 spell levels left.
You knew the following spells:

 Your Spells              Type           Power      Damage    Failure   Level
a - Necrotise             Necr           100%       1d9       61%         1

Your spell library contained the following spells:

 Spells                   Type           Power      Damage    Failure   Level
 Vampiric Draining        Necr           29%        2d8       93%         3
 Apportation              Tloc           8%         N/A       100%        1
 Magic Dart               Conj           16%        1d3       100%        1
 Call Imp                 Summ           8%         N/A       100%        2
 Gell's Gravitas          Tloc           4%         N/A       100%        3
 Hailstorm                Conj/Ice       4%         3d4       100%        3
 Ignite Poison            Fire/Tmut/Pois 4%         N/A       100%        3
 Mephitic Cloud           Conj/Pois/Air  4%         N/A       100%        3
 Swiftness                Air            4%         N/A       100%        3
 Teleport Other           Tloc           4%         N/A       100%        3
 Vhi's Electric Charge    Tloc/Air       8%         N/A       100%        3
 Animate Armour           Summ/Erth      8%         N/A       100%        4
 Animate Dead             Necr           29%        N/A       100%        4
 Ice Form                 Ice/Tmut       4%         N/A       100%        4
 Sticky Flame             Conj/Fire      4%         2d3       100%        4
 Agony                    Necr           29%        N/A       100%        5
 Alistair's Intoxication  Tmut/Pois      2%         N/A       100%        5
 Lee's Rapid Deconstruct  Erth           2%         3d4*      100%        5
 Dispersal                Tloc           2%         N/A       100%        6
 Simulacrum               Ice/Necr       8%         N/A       100%        6
 Ignition                 Fire           2%         3d3       100%        8
 Maxwell's Capacitive Co  Air            2%         ∞         100%        8


Dungeon Overview and Level Annotations

Branches:
Dungeon (12/15) Zot: 26868  Temple (1/1) D:5 Zot: 5788    Lair (5/5) D:8 Zot: 21551
 Shoals (0/4) Lair:2       Spider (0/4) Lair:2        Slime (1/5) Lair:5 Zot: 5584
    Orc (0/2) D:9           Sewer (visited)         Ossuary (visited)

Altars:
Ashenzari
Cheibriados
Dithmenos
Fedhas
Gozag
Hepliaklqana
Kikubaaqudgha
Makhleb
Nemelex Xobeh
Okawaru
Qazlal
Ru
Sif Muna
Trog
Uskayaw
Vehumet
Wu Jian
Xom
Yredelemnul

Shops:
D:1 *   D:3 *   D:4 (   D:7 *[

Annotations:
D:7 1 runed translucent door, Crazy Yiuf
Lair:5 3 runed translucent doors, Voland's ghost, journeyman TeAE


Innate Abilities, Weirdness & Mutations

You are mostly covered in sharp spines.
You are completely covered in razor-sharp scales. (AC +3, Slay +3)
A meltable shield of frost defends you. (SH +4)
You have a sharp stinger which inflicts weakening toxins.
You sometimes lose your temper in combat.
You are weak. (Str -2)


Message History

The golden eye blinks!
The slime creature hits you.
The slime creature is struck by your spines.
The slime creature hits you but does no damage.
You slash the slime creature! You burn the slime creature.
The slime creature is heavily wounded.
The slime creature hits you!
You bump into the slime covered rock wall.
The slime creature hits you! The slime creature barely misses you.
You slash the slime creature! You burn the slime creature.
You tail-slap the slime creature, but do no damage.
The slime creature is severely wounded.
The slime creature hits you.
* * * LOW HITPOINT WARNING * * *
The slime creature hits you but does no damage.
You bump into the slime covered rock wall.
The slime creature is struck by your spines.
The slime creature hits you.
* * * LOW HITPOINT WARNING * * *
The golden eye blinks at you.
You are more confused.
The slime creature hits you!
* * * LOW HITPOINT WARNING * * *
You feel much better. The slime creature hits you!
* * * LOW HITPOINT WARNING * * *
The golden eye blinks at you.
You are more confused.
The slime creature hits you!
* * * LOW HITPOINT WARNING * * *
You are too confused!
Unknown command.
You are too confused!
You bump into the slime covered rock wall.
The golden eye blinks at you. You resist with some effort.
The slime creature is struck by your spines.
The slime creature hits you!
* * * LOW HITPOINT WARNING * * *
The slime creature is struck by your spines.
The slime creature hits you!
You die...

##### #..#.## .....##
## #...###.## #
####.......#.#
##.#...........
####.............#
##.#.#........#.#..
#.@JG........###...
##J#.<......##.##..
###........#......
#......>..#.....
###.........#.....
##.#.................
#................#...
##...................
##..##..............


You could see 2 slime creatures and a golden eye.

Vanquished Creatures
  Gastronok (Lair:3)
  An azure jelly (Slime:1)
  A quicksilver ooze (Lair:5)
  Josephine (Lair:4)
  7 hydras
  A boulder beetle (D:11)
  2 two-headed ogres (D:9)
  Nergalle (Lair:1)
  4 skysharks
  A wizard (D:11)
  A lindwurm (Lair:5)
  2 deep elf zephyrmancers
  A shining eye (Slime:1)
  A cyclops (D:8)
  28 elephants
  4 black mambas
  A merfolk siren (Lair:2)
  4 cane toads
  3 molten gargoyles (Lair:5)
  13 komodo dragons
  A rime drake (Lair:2)
  2 hornets (D:9)
  A polar bear (Lair:3)
  3 blink frogs (Lair:1)
  6 wraiths
  17 slime creatures
  2 wyverns (Lair:5)
  A shadow (D:10)
  25 yaks
  2 basilisks (Lair:5)
  2 redbacks (Lair:2)
  3 steam dragons (Lair:5)
  4 hell hounds (Lair:5)
  11 water moccasins
  2 orc warriors (D:10)
  An ice beast (D:5)
  A black bear (D:8)
  3 sky beasts
  3 centaurs
  4 wolves (Lair:1)
  A kobold brigand (D:10)
  11 bullfrogs
  An elf zombie (Ossuary)
  A gnoll sergeant (D:6)
  2 scorpions (D:4)
  A wyvern zombie (D:6)
  3 wights (D:6)
  16 killer bees
  5 lava snakes (Lair:5)
  3 howler monkeys (D:9)
  3 bullfrog zombies (D:6)
  2 centaur zombies (D:6)
  A hound (D:6)
  4 orc priests
  A jelly (D:7)
  2 iguanas (D:7)
  15 orc wizards
  3 mummies (Ossuary)
  6 gnolls
  9 adders
  4 shadow imps
  4 white imps
  An ufetubus (D:5)
  8 adder zombies (Ossuary)
  3 worms
  3 dart slugs (D:1)
  35 orcs
  4 endoplasms
  11 giant cockroaches
  6 goblins
  12 hobgoblins
  3 jackals (D:2)
  5 kobolds
  10 quokkas
  11 ball pythons
  5 bats
  6 frilled lizards
  A goblin zombie (Ossuary)
  3 hobgoblin zombies (Ossuary)
  3 kobold zombies (Ossuary)
  2 quokka zombies (Ossuary)
  6 rats
408 creatures vanquished.

Vanquished Creatures (collateral kills)
  A black bear (D:7)
  2 bullfrogs
  An orc priest (D:8)
  A gnoll (D:6)
  3 orcs
  A giant cockroach (Sewer)
  A ball python (D:1)
  2 frilled lizards
  A kobold (D:10)
13 creatures vanquished.

Vanquished Creatures (others)
  A wizard (D:9)
  An orc wizard (D:8)
2 creatures vanquished.

Grand Total: 423 creatures vanquished

Notes
Turn   | Place    | Note
-------+----------+-------------------------------------------
     0 | D:1      | SacredBeard the Demonspawn Necromancer began the quest for
                  | the Orb.
     0 | D:1      | Reached XP level 1. HP: 13/13 MP: 3/3
   107 | D:1      | Gained mutation: You are partially covered in razor-sharp
                  | scales. (AC +1, Slay +1) [demonic ancestry]
   107 | D:1      | Reached XP level 2. HP: 7/19 MP: 0/5
   653 | D:1      | Found Dazig's General Store.
   716 | D:1      | Gained mutation: You have a small tail. [demonic ancestry]
   716 | D:1      | Reached XP level 3. HP: 25/25 MP: 3/6
  1152 | D:2      | You fall into a shaft and drop 2 floors!
  1310 | D:4      | Gained mutation: A meltable shield of frost defends you.
                  | (SH +4) [demonic ancestry]
  1310 | D:4      | Reached XP level 4. HP: 31/31 MP: 5/8
  1318 | D:4      | Found a glowing drain.
  1322 | Sewer    | Entered a sewer
  1417 | Sewer    | Reached skill level 1 in Fighting
  1482 | Sewer    | Reached skill level 1 in Armour
  1482 | Sewer    | Reached skill level 5 in Necromancy
  1933 | Sewer    | Reached skill level 1 in Throwing
  1994 | Sewer    | Noticed a bullfrog
  1994 | Sewer    | Noticed a bullfrog
  2009 | Sewer    | Killed a bullfrog
  2010 | Sewer    | Gained mutation: You are mostly covered in razor-sharp
                  | scales. (AC +2, Slay +2) [demonic ancestry]
  2010 | Sewer    | Reached XP level 5. HP: 26/37 MP: 7/9
  2015 | Sewer    | Reached XP level 6. HP: 11/43 MP: 4/11
  2248 | D:3      | Identified the ring of Zoedu {rPois rC+ Str+3 Dex+3}
  2374 | D:3      | Found Nuyrraus's Assorted Antiques.
  3768 | D:4      | Found an opulent altar of Gozag.
  3790 | D:4      | Reached skill level 1 in Evocations
  3876 | D:4      | Gained mutation: You have a tail ending in a sharp stinger.
                  | [demonic ancestry]
  3876 | D:4      | Reached XP level 7. HP: 49/50 MP: 4/12
  3954 | D:4      | Found Ymnout's Antique Weapon Shoppe.
  4664 | D:5      | Entered Level 5 of the Dungeon
  4826 | D:5      | Found a staircase to the Ecumenical Temple.
  5383 | Temple   | Entered the Ecumenical Temple
  5754 | D:6      | Found a sand-covered staircase.
  5758 | Ossuary  | Entered an ossuary
  5831 | Ossuary  | Reached skill level 1 in Shields
  6225 | D:6      | Reached XP level 8. HP: 58/58 MP: 6/15
  6455 | D:6      | Reached skill level 5 in Spellcasting
  6881 | D:6      | Reached skill level 1 in Long Blades
  6935 | D:6      | Reached skill level 2 in Long Blades
  7154 | D:6      | Found a basalt altar of Yredelemnul.
  7442 | D:7      | Reached skill level 3 in Long Blades
  7621 | D:7      | Found an ancient bone altar of Kikubaaqudgha.
  7621 | D:7      | Found a burning altar of Makhleb.
  7641 | D:7      | Reached skill level 4 in Long Blades
  7713 | D:7      | Found a shimmering blue altar of Sif Muna.
  8106 | D:7      | Found a runed translucent door.
  8107 | D:7      | Noticed Crazy Yiuf
  8185 | D:7      | Found Luj Wuur's Armour Emporium.
  8200 | D:7      | Gained mutation: You have a sharp stinger which inflicts
                  | weakening toxins. [demonic ancestry]
  8200 | D:7      | Reached XP level 9. HP: 66/66 MP: 16/16
  8211 | D:7      | Reached skill level 5 in Long Blades
  8326 | D:7      | Found Qataoss's Assorted Antiques.
  8738 | D:8      | Reached skill level 5 in Fighting
  8908 | D:8      | Noticed a cyclops
  8972 | D:8      | Killed a cyclops
  8973 | D:8      | Reached skill level 6 in Long Blades
  9221 | D:8      | Found a blossoming altar of Fedhas.
  9375 | D:8      | Found a staircase to the Lair.
  9578 | D:9      | Reached skill level 7 in Long Blades
  9598 | D:9      | Found a staircase to the Orcish Mines.
  9990 | D:9      | Noticed a two-headed ogre
 10015 | D:9      | Gained mutation: You are partially covered in sharp spines.
                  | [demonic ancestry]
 10015 | D:9      | Reached XP level 10. HP: 64/77 MP: 17/17
 10020 | D:9      | Killed a two-headed ogre
 10021 | D:9      | Reached skill level 8 in Long Blades
 10286 | D:9      | Noticed a two-headed ogre
 10809 | D:9      | Killed a two-headed ogre
 10810 | D:9      | Reached skill level 9 in Long Blades
 10907 | D:10     | Entered Level 10 of the Dungeon
 12105 | D:11     | Noticed a deep elf zephyrmancer
 12107 | D:11     | Noticed a deep elf zephyrmancer
 12107 | D:11     | Noticed a wizard
 12295 | D:11     | Noticed a wizard
 12299 | D:10     | Killed a deep elf zephyrmancer
 12460 | D:9      | Killed a wizard
 12461 | D:9      | Reached skill level 10 in Long Blades
 12681 | D:11     | Killed a wizard
 12755 | D:11     | Got Bieluvoadd's Compilation of Combed Thunderclap
 12762 | D:11     | Got the Octavo of Axaxaxas mlö
 12777 | D:11     | Got the Spellbook of Plaster Cramp
 12821 | D:11     | Gained mutation: You are completely covered in razor-sharp
                  | scales. (AC +3, Slay +3) [demonic ancestry]
 12821 | D:11     | Reached XP level 11. HP: 72/87 MP: 0/18
 12911 | D:11     | Noticed a boulder beetle
 12946 | D:11     | Killed a boulder beetle
 13437 | D:12     | Noticed a green ugly thing
 13487 | D:11     | Killed a deep elf zephyrmancer
 13488 | D:11     | Reached skill level 11 in Long Blades
 13563 | Lair:1   | Entered Level 1 of the Lair of Beasts
 13563 | Lair:1   | Noticed Nergalle
 13587 | Lair:1   | Killed Nergalle
 14731 | Lair:1   | Reached skill level 12 in Long Blades
 15030 | Lair:2   | Noticed a skyshark
 15131 | Lair:2   | Killed a skyshark
 15132 | Lair:2   | Reached skill level 13 in Long Blades
 15639 | Lair:2   | Reached XP level 12. HP: 92/95 MP: 3/19
 15839 | Lair:2   | Found a hole to the Spider Nest.
 15883 | Lair:2   | Reached skill level 14 in Long Blades
 16416 | Lair:2   | Found a staircase to the Shoals.
 16718 | Lair:3   | Identified the +0 helmet of the Iron City of Dis {Rampage
                  | Int+2}
 16996 | Lair:3   | Noticed Gastronok
 17016 | Lair:3   | Killed Gastronok
 17017 | Lair:3   | Reached skill level 15 in Long Blades
 17651 | Lair:4   | Noticed an eight-headed hydra
 17662 | Lair:4   | Killed a three-headed hydra
 18103 | Lair:4   | Reached skill level 16 in Long Blades
 18105 | Lair:4   | Noticed Josephine
 18113 | Lair:4   | Killed Josephine
 18127 | Lair:4   | Identified the amulet of Xom's Best Wishes {Reflect +Blink
                  | rF+ Dex+3 SH+5}
 18682 | Lair:5   | Entered Level 5 of the Lair of Beasts
 18806 | Lair:5   | Reached XP level 13. HP: 89/101 MP: 16/20
 18945 | Lair:5   | Found a runed translucent door.
 18946 | Lair:5   | Found a shimmering altar of Xom.
 18946 | Lair:5   | Noticed Voland's ghost (journeyman TeAE)
 19086 | Lair:5   | Reached skill level 17 in Long Blades
 19660 | Lair:5   | Found a staircase to the Slime Pits.
 19869 | Lair:5   | Reached skill level 5 in Evocations
 21052 | Lair:5   | Found a large runed translucent door.
 21052 | Lair:5   | Found a large runed translucent door.
 21289 | Lair:5   | Noticed a fire dragon
 21680 | Slime:1  | Entered Level 1 of the Pits of Slime
 21875 | Slime:1  | Noticed an azure jelly
 21894 | Slime:1  | Killed an azure jelly
 22084 | Slime:1  | Noticed a quicksilver ooze
 22101 | Lair:5   | Killed a quicksilver ooze
 22102 | Lair:5   | Gained mutation: You are mostly covered in sharp spines.
                  | [demonic ancestry]
 22102 | Lair:5   | Reached XP level 14. HP: 41/108 MP: 7/21
 22383 | Slime:1  | Gained mutation: You sometimes lose your temper in combat.
                  | [a shining eye]
 22384 | Slime:1  | Gained mutation: You are weak. (Str -2) [a shining eye]
 22509 | Slime:1  | Slain by a slime creature

Illustrated notes

Levels and vault maps discovered:
D:1:      psy_arrival_radial02, layout_rooms, serial_shops, shop,
          minmay_pentomino_q2
D:2:      layout_rooms, serial_curves, eino_curves_01, eino_curves_01,
          eino_curves_03, eino_curves_01, minmay_misc_feat_rows,
          hangedman_decor_push, minmay_misc_feat_columns
D:3:      layout_basic, serial_shops, shop
D:4:      layout_basic, mainiacjoe_overflow_six_doors_small, serial_shops,
          nicolae_shop_getting_attention, gup_sewer_entry_bowl
D:5:      layout_loops_ring, minmay_temple_entry_antechambers
D:6:      layout_basic, nicolae_elyvilon_peaceful_grove,
          nicolae_yredelemnul_corpse_copse, lightli_ossuary_entry_decrepit_ruins
D:7:      nicolae_cairo_tiling, layout_cave_pools, mainiacjoe_overflow_alcove_1,
          mainiacjoe_overflow_divided_tiny, serial_shops,
          nicolae_shop_hallway_plus, shop, nicolae_elevator_lobby_plus,
          uniq_crazy_yiuf_cottage
D:8:      layout_basic, fedhas_altar_3, lair_entry_dummy, serial_curves,
          eino_curves_01, eino_curves_03
D:9:      layout_loops_cross, orc_0_dummy, kennysheep_dice
D:10:     layout_gridville
D:11:     layout_basic, minivault_1, bh_hangedman_babel_library
D:12:     layout_basic, uniq_azrael
Temple:   regret_index_temple_generic_petals
Lair:1:   layout_roguey, uniq_nergalle
Lair:2:   layout_loops_ring, minmay_shoals_entry_lonely_mermaid,
          spider_nest_entry_webs, dreamdust_deal_with_the_devil,
          lemuel_fruit_tree, lemuel_fruit_fields
Lair:3:   layout_chaotic_city, uniq_gastronok
Lair:4:   layout_loops_ring, uniq_josephine
Lair:5:   cheibrodos_lair_end_hotspot, layout_hall_layers, slime_entry_1,
          ebering_ghost_xom, serial_bayou_shore_b
Slime:1:  layout_caves

Skill      XL: |  1  2  3  4  5  6  7  8  9 10 11 12 13 |
---------------+----------------------------------------+-----
Stealth        | 2 3 |  3.0
Dodging        | 2 4 |  4.2
Fighting       | 1 2 3 4 6 8 9 |  9.0
Armour         | 1 2 4 |  4.3
Necromancy     | 5 6 7 |  7.0
Spellcasting   | 3 4 5 |  5.0
Throwing       | 1 2 4 |  4.3
Evocations     | 1 2 3 6 |  6.9
Shields        | 1 2 4 |  4.2
Long Blades    | 4 7 10 13 16 17 | 17.0

Action                     |  1- 3 |  4- 6 |  7- 9 | 10-12 | 13-15 || total
---------------------------+-------+-------+-------+-------+-------++-------
  Melee: Unarmed           |     7 |       |       |       |       ||     7
         Club              |    21 |     3 |       |       |       ||    24
         Punch             |     1 |       |       |       |       ||     1
         Short sword       |       |    11 |   173 |       |       ||   184
         Tailslap          |       |     2 |    48 |    76 |   116 ||   242
         Falchion          |       |       |   106 |   408 |   448 ||   962
  Throw: Stone             |       |    17 |    20 |    28 |    30 ||    95
         Boomerang         |       |       |    17 |     4 |       ||    21
         Dart              |       |       |     3 |     4 |       ||     7
   Cast: Necrotise         |    54 |   151 |   203 |   275 |    41 ||   724
  Evoke: Wand              |       |       |     6 |     3 |     1 ||    10
    Use: Potion            |     2 |     1 |       |       |     1 ||     4
         Scroll            |     2 |       |     2 |    13 |       ||    17
   Stab: Distracted        |       |     1 |     1 |       |       ||     2
         Sleeping          |       |       |     1 |       |       ||     1
 Armour: Robe              |     1 |       |       |       |       ||     1
         Leather armour    |    23 |    32 |   106 |    71 |       ||   232
         Chain mail        |       |       |       |   136 |   221 ||   357
  Dodge: Dodged            |    19 |    41 |    75 |    85 |    85 ||   305
  Block: Other             |       |    21 |     2 |       |       ||    23
         Reflection        |       |     1 |     2 |     5 |       ||     8
         Kite shield       |       |       |   319 |   436 |   236 ||   991
